 Dungeon Sprint DCSS version 0.30-a0-305-g026cb31310 (webtiles) character file.

Game seed: 8364110705059473494

199210 rocky1 the Conqueror (level 17, -6/191 HPs)
             Began as a Minotaur Gladiator on Oct 23, 2022.
             Was the Champion of Cheibriados.
             Killed by divine providence
             ... invoked by a royal mummy
              (11 damage)
             ... in the Dungeon (Sprint VII: "The Pits").
             The game lasted 00:43:32 (9614 turns).

rocky1 the Conqueror (Minotaur Gladiator)           Turns: 9614, Time: 00:43:33

Health: -6/191     AC: 36    Str: 39    XL:     17   Next: 83%
Magic:  29/34      EV: 33    Int: 22    God:    Cheibriados [******]
Gold:   145        SH:  5    Dex: 36    Spells: 22/44 levels left

rFire   + + .      SeeInvis +    E - +6 bardiche (venom)
rCold   + + .      Faith    .    (shield currently unavailable)
rNeg    . . .      Spirit   .    s - +2 gold dragon scales
rPois   +          Reflect  +    y - +2 hat {SInv}
rElec   +          Harm     .    J - +2 cloak {Stlth+}
rCorr   +          Rampage  .    K - +0 pair of gloves
Will    +++..      NoTele   +    Q - +2 pair of boots
Stlth   ..........               Z - amulet "Zicam" {Reflect Str+2 Dex+2 SH+5}
HPRegen 0.51/turn                S - ring of Virtue {rElec rF+ rC+ EV+6 Int-2}
MPRegen 0.24/turn                R - ring "Ludonwo" {Will++ rCorr Dex+6 SInv Stlth-}

@: studying Short Blades, very slow
A: horns 2, retaliatory headbutt
}: 1/3 runes: silver
a: Renounce Religion, Bend Time, Temporal Distortion, Slouch, Step From Time


You were in the Dungeon.
You worshipped Cheibriados.
Cheibriados was exalted by your worship.
You visited 1 branch You collected 145 gold pieces.

Inventory:

Hand Weapons
 a - the +3 halberd of Anger {flame, Dex+6}
   (You found it in the Dungeon)

   It burns those it strikes, dealing additional fire damage.
   Big, fiery blades are also staple armaments of hydra-hunters.
   Dex:       It affects your dexterity (+6).
 b - a +0 triple crossbow of flaming
 p - a +5 halberd of flaming
 t - the +14 obsidian axe {vorpal, Mesm Drain Fly SInv}
   (You took it off a skeletal warrior in the Dungeon)

   It inflicts extra damage upon your enemies.
   It occasionally summons demons to assist the wielder when it strikes in
   combat.
   Its wielder is mesmerised by any visible foes.
   It cannot be unequipped while any foes are visible.
   SInv:      It lets you see invisible.
   Fly:       It grants you flight.
   Drain:     It drains your maximum health when unequipped.
 x - the +0 executioner's axe of Acuggon {vorpal, Will+ Int+3 Dex+3}
   (You found it in the Dungeon)

   It inflicts extra damage upon your enemies.
   Int:       It affects your intelligence (+3).
   Dex:       It affects your dexterity (+3).
   Will:      It increases your willpower.
 E - a +6 bardiche of venom (weapon)
 I - a +0 arbalest
Missiles
 d - 4 throwing nets (quivered)
 N - 4 silver javelins
Armour
 s - +2 gold dragon scales (worn)
 w - a +5 ring mail of cold resistance
 y - a +2 hat of see invisible (worn)
 J - a +2 cloak of stealth (worn)
 K - a +0 pair of gloves (worn)
 Q - a +2 pair of boots (worn)
Jewellery
 e - the ring "Cuel" {Wiz rC+++ Will+ Slay-3}
   (You found it in the Dungeon)

   [ring of wizardry]

   It improves your spell success rate.
   Slay:      It affects your accuracy & damage with ranged weapons and melee
   (-3).
   rC:        It renders you almost immune to cold.
   Will:      It increases your willpower.
 u - the ring "Oneudum" {rPois rCorr MP+9 Str-5 Int+9}
   (You found it in the Dungeon)

   [ring of magical power]

   Str:       It affects your strength (-5).
   Int:       It affects your intelligence (+9).
   rPois:     It protects you from poison.
   MP:        It affects your magic capacity (+9).
   rCorr:     It protects you from acid and corrosion.
 z - an amulet of magic regeneration
 H - the ring of the Four Singing Coins {rN+ Slay+5}
   (You found it in the Dungeon)

   [ring of slaying]

   Slay:      It affects your accuracy & damage with ranged weapons and melee
   (+5).
   rN:        It protects you from negative energy.
 L - the ring of Qeahe {rPois rC+ Will- Slay+5}
   (You found it in the Dungeon)

   [ring of poison resistance]

   Slay:      It affects your accuracy & damage with ranged weapons and melee
   (+5).
   rC:        It protects you from cold.
   rPois:     It protects you from poison.
   Will:      It decreases your willpower.
 P - the ring "Iklidaut" {rC+ MP+9 Str+3 Slay+5}
   (You found it in the Dungeon)

   [ring of slaying]

   Str:       It affects your strength (+3).
   Slay:      It affects your accuracy & damage with ranged weapons and melee
   (+5).
   rC:        It protects you from cold.
   MP:        It affects your magic capacity (+9).
 R - the ring "Ludonwo" (right hand) {Will++ rCorr Dex+6 SInv Stlth-}
   (You found it in the Dungeon)

   [ring of dexterity]

   Dex:       It affects your dexterity (+6).
   SInv:      It lets you see invisible.
   rCorr:     It protects you from acid and corrosion.
   Will:      It greatly increases your willpower.
   Stlth:     It makes you less stealthy.
 S - the ring of Virtue (left hand) {rElec rF+ rC+ EV+6 Int-2}
   (You found it in the Dungeon)

   [ring of evasion]

   EV:        It affects your evasion (+6).
   Int:       It affects your intelligence (-2).
   rF:        It protects you from fire.
   rC:        It protects you from cold.
   rElec:     It insulates you from electricity.
 V - the ring of the Forsaken Tables {rPois rF+ rC+ Will+ Dex-5}
   (You found it in the Dungeon)

   [ring of protection from fire]

   Dex:       It affects your dexterity (-5).
   rF:        It protects you from fire.
   rC:        It protects you from cold.
   rPois:     It protects you from poison.
   Will:      It increases your willpower.
 Z - the amulet "Zicam" (around neck) {Reflect Str+2 Dex+2 SH+5}
   (You found it in the Dungeon)

   [amulet of reflection]

   It reflects blocked missile attacks.
   Str:       It affects your strength (+2).
   Dex:       It affects your dexterity (+2).
   SH:        It affects your SH (+5).
Wands
 q - a wand of mindburst (15)
 F - a wand of light (4)
Scrolls
 c - a scroll of poison
 k - 8 scrolls of blinking
 m - 5 scrolls of amnesia
 n - a scroll of summoning
 o - 2 scrolls of fear
 A - 3 scrolls of immolation
 D - a scroll of fog
 M - a scroll of enchant armour
Potions
 f - 14 potions of curing
 g - 15 potions of heal wounds
 i - 4 potions of magic
 j - 3 potions of berserk rage
 l - 2 potions of invisibility
 r - 5 potions of might
 v - 3 potions of brilliance
 B - 4 potions of mutation
Miscellaneous
 h - a tin of tremorstones (2/2)
 C - a lightning rod (4/4)
 G - a phial of floods


   Skills:
 O Level 27 Fighting
 + Level 21.9(26.4) Axes
 + Level 24.9(27) Polearms
 + Level 19.3 Ranged Weapons
 - Level 5.3 Throwing
 - Level 20.1 Armour
 - Level 18.0 Dodging
 - Level 4.8 Stealth
 + Level 17.9 Unarmed Combat
 + Level 14.4 Spellcasting
 - Level 9.0 Conjurations
 + Level 16.3 Transmutations
 - Level 17.5 Invocations
 + Level 18.2 Evocations


You had 22 spell levels left.
You knew the following spells:

 Your Spells              Type           Power      Damage    Failure   Level
a - Kiss of Death         Conj/Necr      100%       2d13      3%          1
b - Dragon Form           Tmut           36%        N/A       24%         7
c - Chain Lightning       Conj/Air       17%        3d23      100%        9
d - Irradiate             Conj/Tmut      32%        3d22      3%          5

Your spell library contained the following spells:

 Spells                   Type           Power      Damage    Failure   Level
 Passwall                 Tmut/Erth      42%        N/A       1%          2
 Blade Hands              Tmut           36%        N/A       1%          5
 Shock                    Conj/Air       100%       1d9       3%          1
 Stone Arrow              Conj/Erth      70%        3d11      11%         3
 Mephitic Cloud           Conj/Pois/Air  29%        N/A       21%         3
 Necrotise                Necr           60%        1d7       22%         1
 Sandblast                Erth           30%        2d9       22%         1
 Yara's Violent Unravell  Hex/Tmut       25%        3d11      22%         5
 Blink                    Tloc           30%        N/A       34%         2
 Call Imp                 Summ           15%        N/A       34%         2
 Cigotuvi's Dreadful Rot  Necr/Pois/Air  30%        N/A       34%         2
 Poisonous Vapours        Pois/Air       30%        N/A       34%         2
 Confusing Touch          Hex            15%        N/A       56%         3
 Gell's Gravitas          Tloc           15%        N/A       56%         3
 Inner Flame              Hex/Fire       15%        N/A       56%         3
 Swiftness                Air            15%        N/A       56%         3
 Teleport Other           Tloc           15%        N/A       56%         3
 Vampiric Draining        Necr           15%        2d7       56%         3
 Vhi's Electric Charge    Tloc/Air       30%        N/A       56%         3
 Arcjolt                  Conj/Air       17%        1d27      69%         5
 Animate Dead             Necr           15%        N/A       92%         4
 Dispel Undead            Necr           15%        3d10      92%         4
 Leda's Liquefaction      Hex/Erth       7%         N/A       92%         4
 Manifold Assault         Tloc           15%        N/A       92%         4
 Summon Ice Beast         Ice/Summ       15%        N/A       92%         4
 Borgnjor's Vile Clutch   Necr/Erth      7%         N/A       99%         5
 Summon Mana Viper        Hex/Summ       15%        N/A       99%         5
 Conjure Ball Lightning   Conj/Air       17%        3x3d6     99%         6
 Death Channel            Necr           7%         N/A       100%        6
 Dispersal                Tloc           7%         N/A       100%        6
 Enfeeble                 Hex            7%         N/A       100%        7
 Malign Gateway           Summ/Tloc      7%         N/A       100%        7
 Monstrous Menagerie      Summ           7%         N/A       100%        7
 Storm Form               Tmut/Air       25%        N/A       100%        7
 Maxwell's Capacitive Co  Air            7%         ∞         100%        8


Dungeon Overview and Level Annotations

Branches:
Dungeon (1/1)

Altars:
Ashenzari
Cheibriados
Dithmenos
Elyvilon
Fedhas
Gozag
Hepliaklqana
Kikubaaqudgha
Makhleb
Nemelex Xobeh
Okawaru
Qazlal
Ru
Sif Muna
Trog
Uskayaw
Vehumet
Wu Jian
Xom
Yredelemnul
Zin
The Shining One
Jiyva
Lugonu


Innate Abilities, Weirdness & Mutations

You have a pair of horns on your head.
You reflexively headbutt those who attack you in melee.


Message History

The royal mummy is severely damaged.
The Ice Fiend calls on the powers of darkness!
Your body is wracked with pain!
* * * LOW HITPOINT WARNING * * *
The royal mummy casts a spell.
You slash the royal mummy!
The royal mummy is almost destroyed.
The death scarab completely misses you. You furiously retaliate!
You headbutt the death scarab!
The royal mummy calls on the powers of darkness!
Your body is wracked with pain!
* * * LOW HITPOINT WARNING * * *
You feel much better.
You feel yourself speed up. The death scarab barely misses you.
The death scarab completely misses you.
The royal mummy gestures at you while chanting.
Something smites you!
* * * LOW HITPOINT WARNING * * *
The royal mummy mumbles some strange words.
The Ice Fiend calls on the powers of darkness!
The emperor scorpion convulses!
Your body is wracked with pain!
* * * LOW HITPOINT WARNING * * *
The emperor scorpion convulses! x2
Activating: Slouch (0% risk of failure)
Press: ? - help, Dir - look around, f - activate You can feel time thicken for a moment.
You destroy the death scarab!
The death scarab's corpse disappears in a puff of smoke!
You destroy the death scarab!
The death scarab's corpse disappears in a puff of smoke!
The emperor scorpion stings you!
* * * LOW HITPOINT WARNING * * *
The emperor scorpion completely misses you.
The emperor scorpion claws you but does no damage.
The emperor scorpion stings you but does no damage.
You block the emperor scorpion's attack.
The emperor scorpion claws you but does no damage.
The royal mummy gestures at you while chanting.
Something smites you!
You die...

,,,,* ****** *** ### ### #'#
,,,,* *,+*,***,*##.###.#####.#
,,,,*****,,,+,,,#...))..†.##'#
,,,,**,***,***,###.###.#####.#
,,,****+,*+*,**+.##'.###.###'#
,,** *,,,*,,,*...#...#...##.#
,** ***,***,+*#1s##.##'.#*#'#
** *,*+*,***,#M#,#'#.#†# #.# **
**+,+**,*##@###.###.###'# ,***
*,,,+,,,#s§s)...#...##.# ,,,**
**,***,##'.'##.'#'.###'# ,,,,*
******+#.###.###.#'# #.#
,,,,***,,,,,,##'.###.###.###'#
,,,,**,,,,,,,,#...'...'...##.##
,,,***,,,,,,,,##.##'.##'.##.).#
,*** **,,,,,,**###)###.##''..)#
** ******** ##* ##*####)##


You could see a royal mummy, 3 emperor scorpions and an Ice Fiend.

Vanquished Creatures
  Dissolution (D)
  An orb of fire (D)
  4 ancient liches (D)
  Margery (D)
  A pearl dragon (D)
  Jory (D)
  Nikola (D)
  2 profane servitors (D)
  5 Brimstone Fiends (D)
  A Tzitzimitl (D)
  3 electric golems (D)
  2 Hell Sentinels (D)
  A hellephant (D)
  A lich (D)
  2 titans (D)
  3 deep elf blademasters (D)
  A quicksilver dragon (D)
  An Executioner (D)
  A sphinx (D)
  Frances (D)
  A death cob (D)
  Gastronok (D)
  2 storm dragons (D)
  An azure jelly (D)
  7 nagarajas (D)
  An emperor scorpion (D)
  2 draconian knights (D)
  A fire giant (D)
  An iron dragon (D)
  2 ghost moths (D)
  3 deep elf sorcerers (D)
  2 draconian stormcallers (D)
  An angel (D)
  A war gargoyle (D)
  4 orc warlords (D)
  3 ghouls (D)
  A vampire knight (D)
  2 reapers (D)
  4 stone giants (D)
  A deep elf demonologist (D)
  A black draconian (D)
  A lorocyproca (D)
  A deep elf annihilator (D)
  2 purple draconians (D)
  2 dire elephants (D)
  A minotaur (D)
  3 deep elf death magi (D)
  3 ettins (D)
  An eidolon (D)
  A great orb of eyes (D)
  A fire dragon (D)
  A green death (D)
  A merfolk impaler (D)
  3 deep elf high priests (D)
  4 vault guards (D)
  A yaktaur captain (D)
  2 anacondas (D)
  4 ogre magi (D)
  2 merfolk avatars (D)
  A deep troll shaman (D)
  14 two-headed ogres (D)
  An iron elemental (D)
  A boulder beetle (D)
  3 death yaks (D)
  7 hell hogs (D)
  A spriggan berserker (D)
  2 orc high priests (D)
  21 hell knights (D)
  4 deep elf knights (D)
  A sixfirhy (D)
  7 skeletal warriors (D)
  5 iron trolls (D)
  15 deep trolls (D)
  A fire crab (D)
  2 bog bodies (D)
  A swamp dragon (D)
  A lindwurm (D)
  3 wizards (D)
  12 orc knights (D)
  3 deep elf pyromancers (D)
  2 deep elf zephyrmancers (D)
  6 necromancers (D)
  2 orc sorcerers (D)
  8 cyclopes (D)
  A manticore (D)
  An eye of devastation (D)
  2 elephants (D)
  A guardian serpent (D)
  A naga mage (D)
  A cane toad (D)
  3 kobold demonologists (D)
  An unseen horror (D)
  A demonic crawler (D)
  2 komodo dragons (D)
  4 yaktaurs (D)
  2 rime drakes (D)
  2 ice devils (D)
  An efreet (D)
  2 tormentors (D)
  11 trolls (D)
  A wind drake (D)
  4 merfolk (D)
  2 polar bears (D)
  2 hornets (D)
  A red devil (D)
  3 tyrant leeches (D)
  Prince Ribbit (D)
  4 blink frogs (D)
  2 snapping turtles (D)
  A dream sheep (shapeshifter) (D)
  2 ynoxinuls (D)
  A shadow (D)
  A water elemental (D)
  A vampire (D)
  5 yaks (D)
  A basilisk (D)
  2 redbacks (D)
  A wraith (D)
  A steam dragon (D)
  A chaos spawn (D)
  2 wargs (D)
  Pargi (D)
  3 floating eyes (D)
  6 orc warriors (D)
  A swamp drake (D)
  5 ogres (D)
  A centaur (D)
  A kobold brigand (D)
  A necrophage (D)
  An earth elemental (D)
  2 orc priests (D)
  2 jellies (D)
  An iguana (D)
  Ijyb (D)
  2 orc wizards (D)
  A mummy (D)
  2 river rats (D)
  3 ufetubi (D)
  An adder zombie (D)
  10 orcs (D)
  A bat (D)
  A bat zombie (D)
  2 endoplasms (D)
  A giant cockroach (D)
  A goblin (D)
  A hobgoblin (D)
  4 jackals (D)
  6 kobolds (D)
  2 quokkas (D)
  A ball python simulacrum (D)
  A ball python skeleton (D)
  A ball python zombie (D)
  A frilled lizard (D)
  2 rats (D)
379 creatures vanquished.

Vanquished Creatures (others)
  A vault guard (D)
  A death yak (D)
  A kobold (D)
3 creatures vanquished.

Grand Total: 382 creatures vanquished

Notes
Turn   | Place    | Note
-------+----------+-------------------------------------------
     0 | D        | rocky1 the Minotaur Gladiator began the quest for the Orb.
     0 | D        | Reached XP level 1. HP: 18/18 MP: 0/0
    19 | D        | Found a bloodstained altar of Trog.
    19 | D        | Found a shimmering blue altar of Sif Muna.
    19 | D        | Found a viscous altar of Jiyva.
    19 | D        | Found a hazy altar of Hepliaklqana.
    19 | D        | Found an opulent altar of Gozag.
    20 | D        | Found a glowing golden altar of the Shining One.
    20 | D        | Found a glowing silver altar of Zin.
    20 | D        | Found a basalt altar of Yredelemnul.
    20 | D        | Found a shimmering altar of Xom.
    20 | D        | Found an ornate altar of the Wu Jian Council.
    20 | D        | Found a sacrificial altar of Ru.
    20 | D        | Found a stormy altar of Qazlal.
    20 | D        | Found an iron altar of Okawaru.
    20 | D        | Found a sparkling altar of Nemelex Xobeh.
    20 | D        | Found a burning altar of Makhleb.
    20 | D        | Found a blossoming altar of Fedhas.
    20 | D        | Found a white marble altar of Elyvilon.
    20 | D        | Found a shadowy altar of Dithmenos.
    20 | D        | Found a snail-covered altar of Cheibriados.
    22 | D        | Found a radiant altar of Vehumet.
    22 | D        | Found a corrupted altar of Lugonu.
    23 | D        | Found a hide-covered altar of Uskayaw.
    23 | D        | Found an ancient bone altar of Kikubaaqudgha.
    23 | D        | Found a broken altar of Ashenzari.
    31 | D        | Became a worshipper of Cheibriados the Contemplative
    86 | D        | Noticed a floating eye
    91 | D        | Killed a floating eye
    92 | D        | Reached skill level 4 in Fighting
    92 | D        | Reached skill level 1 in Armour
    92 | D        | Reached XP level 2. HP: 27/27 MP: 1/1
    92 | D        | Reached XP level 3. HP: 33/33 MP: 2/2
    92 | D        | Reached XP level 4. HP: 40/40 MP: 3/3
    93 | D        | Reached * piety under Cheibriados
   104 | D        | Reached ** piety under Cheibriados
   120 | D        | Reached *** piety under Cheibriados
   284 | D        | Reached **** piety under Cheibriados
   285 | D        | Reached XP level 5. HP: 47/47 MP: 4/4
   287 | D        | Reached ***** piety under Cheibriados
   288 | D        | Reached skill level 1 in Stealth
   301 | D        | Reached skill level 5 in Fighting
   412 | D        | Noticed an orc knight
   423 | D        | Killed an orc knight
   424 | D        | Reached skill level 7 in Fighting
   424 | D        | Reached XP level 6. HP: 59/60 MP: 5/5
   424 | D        | Reached XP level 7. HP: 65/66 MP: 6/6
   429 | D        | Noticed Ijyb
   429 | D        | Noticed Pargi
   430 | D        | Reached ****** piety under Cheibriados
   433 | D        | Killed Ijyb
   436 | D        | Killed Pargi
   437 | D        | Reached skill level 10 in Dodging
   437 | D        | Reached skill level 1 in Invocations
   465 | D        | Noticed Prince Ribbit
   465 | D        | Noticed a demonic crawler
   465 | D        | Noticed a rime drake
   471 | D        | Killed a rime drake
   472 | D        | Reached skill level 5 in Throwing
   472 | D        | Reached XP level 8. HP: 63/74 MP: 7/9
   480 | D        | Killed a demonic crawler
   481 | D        | Reached skill level 8 in Fighting
   481 | D        | Reached skill level 5 in Armour
   485 | D        | Killed Prince Ribbit
   860 | D        | Noticed a lindwurm
   862 | D        | Noticed a hornet
   864 | D        | Killed a hornet
   865 | D        | Reached skill level 15 in Polearms
   865 | D        | Reached skill level 5 in Invocations
   867 | D        | Killed a lindwurm
   868 | D        | Reached skill level 9 in Fighting
   868 | D        | Reached XP level 9. HP: 77/83 MP: 10/12
   882 | D        | Noticed a tyrant leech
   882 | D        | Noticed a red devil
   882 | D        | Noticed an orc sorcerer
   884 | D        | Killed an orc sorcerer
   884 | D        | Killed a red devil
   885 | D        | Reached skill level 10 in Fighting
   895 | D        | Killed a tyrant leech
  1053 | D        | Noticed a deep elf zephyrmancer
  1056 | D        | Killed a deep elf zephyrmancer
  1057 | D        | Reached XP level 10. HP: 94/94 MP: 13/15
  1057 | D        | Noticed a deep elf pyromancer
  1057 | D        | Noticed an orc knight
  1065 | D        | Killed a deep elf pyromancer
  1066 | D        | Reached skill level 11 in Fighting
  1071 | D        | Killed an orc knight
  1072 | D        | Reached skill level 10 in Armour
  1210 | D        | Noticed an orc high priest
  1222 | D        | Killed an orc high priest
  1288 | D        | Noticed a boulder beetle
  1300 | D        | Killed a boulder beetle
  1301 | D        | Reached skill level 12 in Fighting
  1425 | D        | Noticed a bog body
  1432 | D        | Killed a bog body
  1433 | D        | Reached skill level 10 in Invocations
  1440 | D        | Noticed Gastronok
  1450 | D        | Reached XP level 11. HP: 88/105 MP: 6/17
  1458 | D        | Killed Gastronok
  1605 | D        | Paralysed by a hornet for 1 turns
  1608 | D        | Reached skill level 13 in Fighting
  1752 | D        | Noticed a two-headed ogre
  1753 | D        | Noticed a hell hog
  1753 | D        | Noticed a hell hog
  1753 | D        | Noticed a hell hog
  1757 | D        | Killed a hell hog
  1757 | D        | Killed a hell hog
  1757 | D        | Killed a hell hog
  1758 | D        | Killed a two-headed ogre
  1759 | D        | Noticed a hell hog
  1762 | D        | Reached skill level 14 in Fighting
  1771 | D        | Killed a hell hog
  1988 | D        | Learned a level 1 spell: Kiss of Death
  2081 | D        | Noticed a vampire knight
  2083 | D        | Paralysed by a vampire knight for 4 turns
  2092 | D        | Killed a vampire knight
  2265 | D        | Noticed a nagaraja
  2267 | D        | Noticed an orc sorcerer
  2274 | D        | Noticed a sixfirhy
  2274 | D        | Killed an orc sorcerer
  2274 | D        | Killed a nagaraja
  2275 | D        | Reached skill level 15 in Fighting
  2275 | D        | Reached skill level 15 in Invocations
  2275 | D        | Reached XP level 12. HP: 35/119 MP: 11/22
  2591 | D        | Noticed a black draconian
  2597 | D        | Killed a black draconian
  2713 | D        | Noticed Frances
  2713 | D        | Noticed a profane servitor
  2713 | D        | Noticed a purple draconian
  2713 | D        | Noticed a ghost moth
  2713 | D        | Noticed a ghost moth
  2723 | D        | Killed a profane servitor
  2723 | D        | Killed a ghost moth
  2724 | D        | Reached skill level 15 in Armour
  2727 | D        | Killed a purple draconian
  2729 | D        | Killed Frances
  2730 | D        | Reached skill level 16 in Fighting
  2731 | D        | Killed a ghost moth
  3061 | D        | Got the Commentary on United Enchantment
  3210 | D        | Noticed a two-headed ogre
  3210 | D        | Noticed a hell hog
  3210 | D        | Noticed a hell hog
  3210 | D        | Noticed a two-headed ogre
  3212 | D        | Killed a hell hog
  3215 | D        | Noticed a death cob
  3215 | D        | Noticed a lorocyproca
  3217 | D        | Killed a two-headed ogre
  3218 | D        | Reached skill level 1 in Spellcasting
  3218 | D        | Reached skill level 1 in Conjurations
  3218 | D        | Reached skill level 1 in Evocations
  3218 | D        | Killed a two-headed ogre
  3218 | D        | Noticed an ogre mage
  3227 | D        | Killed an ogre mage
  3227 | D        | Noticed a two-headed ogre
  3229 | D        | Killed a two-headed ogre
  3237 | D        | Killed a lorocyproca
  3239 | D        | Killed a hell hog
  3240 | D        | Reached XP level 13. HP: 100/130 MP: 0/24
  3240 | D        | Noticed a deep elf sorcerer
  3241 | D        | Killed a death cob
  3258 | D        | Reached skill level 17 in Fighting
  3259 | D        | Killed a deep elf sorcerer
  3273 | D        | Noticed a fire giant
  3330 | D        | Reached skill level 5 in Evocations
  3339 | D        | Killed a fire giant
  3369 | D        | Reached skill level 15 in Dodging
  3695 | D        | Reached skill level 5 in Conjurations
  3702 | D        | Noticed an orc warlord
  3703 | D        | Noticed an orc warlord
  3720 | D        | Killed an orc warlord
  3722 | D        | Reached skill level 18 in Fighting
  3731 | D        | Reached skill level 5 in Spellcasting
  3904 | D        | Noticed an emperor scorpion
  3913 | D        | Killed an emperor scorpion
  3988 | D        | Killed an orc warlord
  4101 | D        | Noticed Nikola
  4111 | D        | Killed Nikola
  4112 | D        | Reached XP level 14. HP: 97/144 MP: 25/25
  4117 | D        | Noticed a war gargoyle
  4119 | D        | Killed a war gargoyle
  4234 | D        | Reached skill level 19 in Fighting
  4462 | D        | Got the +3 halberd of Anger {flame, Dex+6}
  4631 | D        | Noticed an angel
  4640 | D        | Killed an angel
  4641 | D        | Reached skill level 1 in Ranged Weapons
  4842 | D        | Noticed an ancient lich
  4860 | D        | Noticed a nagaraja
  4863 | D        | Noticed an ancient lich
  4876 | D        | Killed an ancient lich
  4877 | D        | Killed a nagaraja
  4878 | D        | Killed an ancient lich
  4879 | D        | Reached skill level 5 in Ranged Weapons
  5010 | D        | Noticed a deep elf sorcerer
  5084 | D        | Paralysed by an ogre mage for 2 turns
  5095 | D        | Reached skill level 20 in Fighting
  5200 | D        | Noticed an ancient lich
  5210 | D        | Killed an ancient lich
  5211 | D        | Reached skill level 10 in Evocations
  5211 | D        | Noticed a profane servitor
  5221 | D        | Killed a profane servitor
  5247 | D        | Noticed a white draconian stormcaller
  5253 | D        | Killed a white draconian stormcaller
  5334 | D        | Killed a deep elf sorcerer
  5335 | D        | Reached XP level 15. HP: 133/156 MP: 26/26
  5438 | D        | Noticed a nagaraja
  5450 | D        | Killed a nagaraja
  5511 | D        | Got the Anthology of Black Mysteries
  5524 | D        | Got the Grimoire of Concussion and Grit
  5556 | D        | Got the ring of Telewup {rCorr Dex+6}
  5576 | D        | Got the ring of Tunkog {rF+ rN++ Slay-6}
  5578 | D        | Got the ring "Cuonius" {rF+ Dex+4}
  5580 | D        | Got the ring "Farghyrgh" {*Slow rElec rN++ AC+6}
  5582 | D        | Got the ring "Juixzekh" {Wiz rElec rN+ Will- Dex+2}
  5584 | D        | Got the ring "Filyfaim" {Fly rC+ rN+ Dex-5 Stlth+}
  5587 | D        | Got the ring of Amorality {rPois Str+6 Int+4 Slay+2 Stlth-}
  5589 | D        | Got the ring "Fount" {Wiz Fly Stlth+}
  5591 | D        | Got the ring of Adegin {rC+ Str+6}
  5593 | D        | Got the ring "Maopiylo" {*Slow Will+++ Str+4 Dex+6 SInv}
  5595 | D        | Got the ring of Equivalence {rElec Will+}
  5597 | D        | Got the ring "Ludonwo" {Will++ rCorr Dex+6 SInv Stlth-}
  5600 | D        | Got the ring of Virtue {rElec rF+ rC+ EV+6 Int-2}
  5616 | D        | Got the amulet of the Shining Light {RegenMP rElec Dex+4}
  5618 | D        | Got the ring of the Forsaken Tables {rPois rF+ rC+ Will+
                  | Dex-5}
  5620 | D        | Got the amulet of Absolutism {Faith rElec rF+ Str-4 Dex+2}
  5622 | D        | Got the amulet "Focummul" {RegenMP *Slow Str-5 Int+5}
  5625 | D        | Got the amulet of Fauthyba {Spirit Int+5 Dex-5 SInv}
  5628 | D        | Got the amulet "Zicam" {Reflect Str+2 Dex+2 SH+5}
  5661 | D        | Got the amulet of Epaelaug {Reflect Str+2 SH+5}
  5663 | D        | Got the ring "Iklidaut" {rC+ MP+9 Str+3 Slay+5}
  5665 | D        | Got the ring "Cuel" {Wiz rC+++ Will+ Slay-3}
  5667 | D        | Got the amulet of Tender Moments {Spirit rCorr SInv}
  5669 | D        | Got the amulet of Curpheliq {Spirit Str+4 Int-5 Dex+4}
  5672 | D        | Got the ring "Oneudum" {rPois rCorr MP+9 Str-5 Int+9}
  5675 | D        | Got the ring of Muqer {rC+ rN+ Str+2}
  5677 | D        | Got the ring of the Four Singing Coins {rN+ Slay+5}
  5776 | D        | Noticed Dissolution
  5779 | D        | Reached skill level 1 in Unarmed Combat
  5779 | D        | Reached skill level 1 in Transmutations
  5781 | D        | Reached skill level 5 in Axes
  5790 | D        | Killed Dissolution
  5791 | D        | Reached skill level 21 in Fighting
  5791 | D        | Reached skill level 5 in Transmutations
  5795 | D        | Reached skill level 5 in Unarmed Combat
  5821 | D        | Reached skill level 10 in Ranged Weapons
  5913 | D        | Noticed a nagaraja
  5925 | D        | Killed a nagaraja
  5951 | D        | Reached skill level 10 in Axes
  5962 | D        | Noticed Jory
  5977 | D        | Killed Jory
  5978 | D        | Reached skill level 22 in Fighting
  5984 | D        | Noticed a nagaraja
  5990 | D        | Reached skill level 10 in Spellcasting
  5990 | D        | Noticed Margery
  5990 | D        | Noticed a deep elf blademaster
  5997 | D        | Killed a nagaraja
  6002 | D        | Killed a deep elf blademaster
  6006 | D        | Killed Margery
  6007 | D        | Reached skill level 10 in Transmutations
  6406 | D        | Reached XP level 16. HP: 170/170 MP: 23/29
  6409 | D        | Noticed a storm dragon
  6410 | D        | Reached skill level 15 in Axes
  6416 | D        | Reached skill level 10 in Unarmed Combat
  6424 | D        | Killed a storm dragon
  6434 | D        | Reached skill level 23 in Fighting
  6810 | D        | Learned a level 7 spell: Dragon Form
  6821 | D        | Learned a level 9 spell: Chain Lightning
  6827 | D        | Learned a level 5 spell: Irradiate
  6903 | D        | Got the +0 executioner's axe of Acuggon {vorpal, Will+
                  | Int+3 Dex+3}
  7095 | D        | Noticed a titan
  7122 | D        | Reached skill level 24 in Fighting
  7127 | D        | Reached skill level 15 in Ranged Weapons
  7127 | D        | Reached skill level 15 in Evocations
  7139 | D        | Killed a titan
  7160 | D        | Reached skill level 25 in Fighting
  7358 | D        | Got a silver rune of Zot
  7365 | D        | Got the Cyclopedia of Fog
  7388 | D        | Got the ring of Qeahe {rPois rC+ Will- Slay+5}
  7520 | D        | Noticed a pearl dragon
  7530 | D        | Killed a pearl dragon
  7531 | D        | Reached XP level 17. HP: 152/185 MP: 32/32
  7613 | D        | Noticed a titan
  7616 | D        | Killed a titan
  7617 | D        | Reached skill level 15 in Unarmed Combat
  7643 | D        | Noticed an ancient lich
  7648 | D        | Killed an ancient lich
  7754 | D        | Noticed a Hell Sentinel
  7766 | D        | Killed a Hell Sentinel
  8137 | D        | Noticed an electric golem
  8146 | D        | Killed an electric golem
  8157 | D        | Reached skill level 15 in Transmutations
  8214 | D        | Noticed a Brimstone Fiend
  8217 | D        | Killed a Brimstone Fiend
  8556 | D        | Noticed a hellephant
  8564 | D        | Killed a hellephant
  8668 | D        | Noticed a quicksilver dragon
  8671 | D        | Killed a quicksilver dragon
  8672 | D        | Reached skill level 26 in Fighting
  8723 | D        | Noticed a Hell Sentinel
  8732 | D        | Killed a Hell Sentinel
  8928 | D        | Noticed an orb of fire
  8933 | D        | Killed an orb of fire
  9044 | D        | Noticed an electric golem
  9050 | D        | Killed an electric golem
  9058 | D        | Noticed a Brimstone Fiend
  9060 | D        | Killed a Brimstone Fiend
  9109 | D        | Noticed a Brimstone Fiend
  9113 | D        | Killed a Brimstone Fiend
  9250 | D        | Noticed a Brimstone Fiend
  9253 | D        | Killed a Brimstone Fiend
  9257 | D        | Noticed a Tzitzimitl
  9265 | D        | Killed a Tzitzimitl
  9472 | D        | Noticed a deep elf blademaster
  9478 | D        | Killed a deep elf blademaster
  9514 | D        | Noticed a Brimstone Fiend
  9517 | D        | Killed a Brimstone Fiend
  9522 | D        | Noticed a deep elf blademaster
  9522 | D        | Noticed an electric golem
  9528 | D        | Killed a deep elf blademaster
  9533 | D        | Killed an electric golem
  9597 | D        | Noticed a lich
  9597 | D        | Noticed a royal mummy
  9602 | D        | Killed a lich
  9603 | D        | Reached skill level 27 in Fighting
  9609 | D        | Noticed an Ice Fiend
  9614 | D        | HP: 5/191 [emperor scorpion[a royal mummy] (15)]
  9614 | D        | Killed from afar by a royal mummy

Illustrated notes

Levels and vault maps discovered:
D:        pitsprint [storerooms_1, entrance_room_1, metal_vault_3, armoury_1,
          mini_pit_1, grid_room_1, main_hall_1, silver_pit, the_coven_1,
          the_vestibule_1, steel_vault_1, golden_pit, hallway_of_sentries,
          crystal_vault_2, iron_vault_2, final_vault]

Skill      XL: |  1  2  3  4  5  6  7  8  9 10 11 12 13 14 15 16 17 |
---------------+----------------------------------------------------+-----
Polearms       | 8 13 14 15 17 19 20 22 23 24 | 24.9
Fighting       | 4 7 9 10 12 15 16 18 20 22 25 27 | 27.0
Throwing       | 3 4 5 |  5.3
Armour         | 1 4 6 9 11 14 15 18 19 20 | 20.1
Dodging        | 6 9 10 11 12 14 16 17 18 | 18.0
Stealth        | 2 3 4 |  4.8
Invocations    | 3 5 8 10 15 17 | 17.5
Spellcasting   | 2 5 8 10 12 14 | 14.4
Conjurations   | 2 6 8 9 |  9.0
Evocations     | 3 7 10 13 16 18 | 18.2
Ranged Weapons | 7 12 16 19 | 19.3
Axes           | 14 19 21 | 21.9
Unarmed Combat | 9 14 17 | 17.9
Transmutations | 10 14 16 | 16.3

Action                   |  1- 3 |  4- 6 |  7- 9 | 10-12 | 13-15 | 16-18 || total
-------------------------+-------+-------+-------+-------+-------+-------++-------
Melee: Trident           |    12 |    45 |    22 |       |       |       ||    79
       Headbutt          |       |     6 |     6 |    38 |    73 |    89 ||   212
       Halberd           |       |       |    20 |   173 |   354 |   116 ||   663
       Bardiche          |       |       |       |       |       |   222 ||   222
 Fire: Triple crossbow   |       |       |       |       |     4 |       ||     4
Invok: Slouch            |       |       |     2 |    13 |    38 |    10 ||    63
Evoke: Wand              |       |       |       |       |     2 |       ||     2
  Use: Potion            |       |     1 |     1 |     4 |    13 |     4 ||    23
       Scroll            |       |       |       |     1 |       |    11 ||    12
 Stab: Sleeping          |     1 |     1 |       |       |       |       ||     2
       Invisible         |       |       |       |     2 |     3 |       ||     5
       Distracted        |       |       |       |       |     2 |       ||     2
Armor: Leather armour    |     2 |     1 |       |       |       |       ||     3
       Scale mail        |       |     1 |     2 |       |       |       ||     3
       Chain mail        |       |       |     5 |    36 |    17 |       ||    58
       Gold dragon scale |       |       |       |       |    80 |    60 ||   140
Dodge: Dodged            |       |    26 |    34 |   143 |   272 |   237 ||   712
Block: Other             |       |       |       |       |    20 |    49 ||    69
       Reflection        |       |       |       |       |       |     2 ||     2

Table legend: (Time is in decaauts) A = Elapsed time spent in this place. B = Non-inter-level travel time spent in this place. C = Inter-level travel time spent in this place. D = Time resting spent in this place. E = Time spent auto-exploring this place. F = Levels seen in this place. G = Mean time per level. A B C D E F G +--------+--------+--------+--------+--------+-----+--------+ Total | 11316 | 10983 | 333 | 6105 | 0 | 1 | 11316.0 | Dungeon | 11316 | 10983 | 333 | 6105 | 0 | 1 | 11316.0 | +--------+--------+--------+--------+--------+-----+--------+

Top non-repeatable levels by time:
       D: 11316 daAuts
